 Dungeon Crawl Stone Soup version 0.30.1-9-gdf580d7c3d (webtiles) character file.

Game seed: 11654504466348464393

0 Moox the Grave Robber (level 1, 0/13 HPs)
             Began as a Mummy Necromancer on Oct 23, 2023.
             Slain by a quokka (3 damage)
             ... on level 1 of the Dungeon.
             The game lasted 00:01:37 (87 turns).

Moox the Grave Robber (Mummy Necromancer)             Turns: 87, Time: 00:01:37

Health: 0/13       AC:  2    Str: 11    XL:     1   Next: 8%
Magic:  0/4        EV: 12    Int: 14    God:
Gold:   0          SH:  0    Dex: 12    Spells: 4/5 levels left

rFire   x . .        c - +0 short sword
rCold   + . .        (no shield)
rNeg    + + +        a - +0 robe
rPois   ∞            (no helmet)
rElec   .            (no cloak)
rCorr   .            (no gloves)
SInv    .            (no boots)
Will    .....        (no amulet)
Stlth   ++           (no ring)
HPRegen 0.22/turn    (no ring)
MPRegen 0.09/turn

%: faith
@: no status effects
A: cold resistance 1, negative energy resistance 3, torment resistance 2, heat
vulnerability 1, no potions, faith
a: no special abilities


You were on level 1 of the Dungeon.
You visited 1 branch of the dungeon, and saw 1 of its levels.

Inventory:

Hand Weapons
 c - a +0 short sword (weapon)
Missiles
 e - 9 stones
Armour
 a - a +0 robe (worn)
Scrolls
 b - a scroll of identify {unknown}


   Skills:
 - Level 1.5 Dodging
 - Level 1.5 Stealth
 + Level 2.7 Spellcasting
 + Level 4.0 Necromancy


You had 4 spell levels left.
You knew the following spells:

 Your Spells              Type           Power      Damage    Failure   Level
a - Necrotise             Necr           52%        1d6       4%          1

Your spell library contained the following spells:

 Spells                   Type           Power      Damage    Failure   Level
 Vampiric Draining        Necr           13%        2d6       13%         3
 Animate Dead             Necr           13%        N/A       38%         4
 Agony                    Necr           13%        N/A       75%         5


Dungeon Overview and Level Annotations

Branches:
Dungeon (1/15)

Altars:


Innate Abilities, Weirdness & Mutations

You are immune to poison.
Your flesh is cold resistant. (rC+)
You are immune to negative energy. (rN+++)
You are immune to unholy pain and torment.
You are vulnerable to heat. (rF-)
You do not drink.
You have a special connection with the divine. (Faith)


Message History

The quokka barely resists.
The quokka bites you but does no damage.
Unknown command.
The quokka attacks as you move away!
The quokka bites you but does no damage.
c - a +0 short sword (weapon)
The quokka closely misses you.
Unknown command.
You don't have enough magic to cast this spell.
Throw: 2 darts (poison)
Press: ? - help, Shift-Dir - straight line, f/p - quokka
Aim: a quokka (43% to hit)
You throw a poisoned dart.
The poisoned dart closely misses the quokka.
The quokka barely misses you.
Unknown command.
Throw: dart (poison)
Press: ? - help, Shift-Dir - straight line, f/p - quokka
Aim: a quokka (43% to hit)
You throw a poisoned dart.
The poisoned dart barely misses the quokka.
The quokka closely misses you.
Unknown command.
You barely miss the quokka. The quokka bites you.
You closely miss the quokka. The quokka bites you.
You hit the quokka.
The quokka is lightly wounded.
The quokka bites you.
* * * LOW HITPOINT WARNING * * *
The quokka bites you but does no damage.
Casting: Necrotise (safe; 4% risk of failure)
Confirm with . or Enter, or press ? or * to list all spells.
Aiming: Necrotise (safe; 4% risk of failure)
Press: ? - help, Shift-Dir - straight line, f/p - quokka
Aim: a quokka (lightly wounded, chance to affect: 83%)
The quokka barely resists.
The quokka bites you.
* * * LOW HITPOINT WARNING * * *
Unknown command.
You closely miss the quokka. The quokka bites you.
You die...

#..8...[..8..#
#..........#
#...8..8...#
#.........# ###
#.#.....### ##...
#........#####.....
##.#...........###
#.#####(........#
#.# ###..r@...#.#
#.# #...####..#
#.###.### #.##
#.#...# ###..###
#...######......#
##### #...####.#
#.### ... ##.# #.#
#######..# ...


You could see a quokka.

Vanquished Creatures
  A rat (D:1)
1 creature vanquished.

Notes
Turn   | Place    | Note
-------+----------+-------------------------------------------
     0 | D:1      | Moox the Mummy Necromancer began the quest for the Orb.
     0 | D:1      | Reached XP level 1. HP: 13/13 MP: 4/4
    87 | D:1      | Slain by a quokka

Illustrated notes

Levels and vault maps discovered:
D:1:      nzn_arrival_crosshair, layout_rooms, minmay_misc_feat_plants

Action                     || total
---------------------------++-------
  Melee: Short sword       ||     4
  Throw: Dart              ||     2
   Cast: Necrotise         ||     6
 Armour: Robe              ||     3
  Dodge: Dodged            ||     6
